AoeStats
← Rayzer

Arabia

504912130Analyzed
2v2 RM · 26d ago on Sep 7, 2026· 63m 1s· 4 players
Game mode
Random Map
Map size
Medium (4 player)
Population
200
Speed
Normal
Resources
Standard
Victory
Conquest
Starting age
Dark Age
Ending age
Imperial Age
RankedLock teamsTeams togetherTeam positionsShared explorationLock speedFull tech treeHidden civsTurbo modeCheats
Victory
Defeat
🇨🇦 Franks · Canada
633
+19
🇨🇦 Koreans · Canada
629
+19
🇲🇽 Persians · Mexico
738
-21
🇨🇦 Magyars · Canada
648
-17
Sorrentino79712
11:10 Feudal Age
11:50 Double-Bit Axe
11:51 Horse Collar
17:44 Bloodlines
19:32 Fletching
19:58 Loom
26:39 Castle Age
24:48 Gold Mining
26:53 Town Watch
26:56 Pikeman
27:51 Bodkin Arrow
27:58 Scale Mail Armor
28:48 Stone Mining
29:38 Wheelbarrow
30:58 Bow Saw
31:29 Gold Shaft Mining
31:38 Husbandry
31:10 Light Cavalry
32:24 Heavy Plow
33:30 Arson
37:36 Hand Cart
38:01 Scale Barding Armor
38:13 Chain Mail Armor
43:35 Imperial Age
40:44 Elite Skirmisher
42:07 Padded Archer Armor
41:53 Treadmill Crane
42:36 Ballistics
42:13 Murder Holes
43:34 Thumb Ring
46:15 Conscription
47:22 Bracer
48:43 Leather Archer Armor
55:57 Man-at-Arms
60:07 Masonry
Hackerman
6:10 Loom
11:02 Feudal Age
12:19 Double-Bit Axe
16:52 Fletching
17:23 Forging
17:38 Scale Mail Armor
17:56 Man-at-Arms
18:22 Arson
22:04 Padded Archer Armor
25:38 Town Watch
29:54 Castle Age
29:53 Scale Barding Armor
30:23 Gambesons
31:06 Squires
32:27 Pikeman
33:56 Bodkin Arrow
37:00 Bow Saw
39:29 Horse Collar
41:25 Heavy Plow
41:41 Elite Skirmisher
41:47 Long Swordsman
44:54 Caravan
45:16 Stone Mining
45:29 Gold Mining
47:14 Chain Barding Armor
48:30 Town Patrol
50:12 Gold Shaft Mining
50:11 Bloodlines
50:45 Light Cavalry
52:47 Iron Casting
52:14 Husbandry
54:39 Wheelbarrow
57:06 Ballistics
56:57 Masonry
56:43 Murder Holes
57:50 Thumb Ring
59:06 Crossbowman
62:56 Imperial Age
62:07 Kamandaran
Rayzer
9:11 Loom
11:54 Feudal Age
12:59 Double-Bit Axe
17:30 Fletching
22:27 Stone Mining
33:33 Horse Collar
34:23 Scale Mail Armor
36:53 Castle Age
37:17 Pikeman
37:58 Bodkin Arrow
38:17 Squires
38:52 Bow Saw
41:39 Chain Mail Armor
40:56 Elite Skirmisher
42:34 Wheelbarrow
42:27 Caravan
43:26 Forging
45:28 Iron Casting
44:50 Gambesons
46:56 Hand Cart
48:09 Gold Mining
49:53 Heavy Plow
50:54 Gold Shaft Mining
51:25 Eupseong
53:39 Stone Shaft Mining
56:03 Imperial Age
56:07 Halberdier
57:12 Conscription
56:33 Elite War Wagon
58:18 Guilds
62:49 Bracer
63:56 Chemistry
62:53 Murder Holes
jayrockbb
6:15 Loom
11:57 Feudal Age
17:16 Forging
17:13 Scale Barding Armor
17:16 Double-Bit Axe
24:20 Castle Age
25:29 Husbandry
26:29 Gold Mining
26:30 Stone Mining
28:42 Gold Shaft Mining
28:22 Bow Saw
35:09 Iron Casting
34:35 Scale Mail Armor
34:58 Chain Barding Armor
36:57 #83
38:35 Scale Mail Armor
41:19 #83
51:27 Imperial Age
52:14 Chain Mail Armor
53:19 Cavalier
53:51 Elite Throwing Axeman
Connection lost

Rejoining the realm…

Still unreachable

The connection could not be restored.

Session expired

The server has moved on; the page needs a fresh start.